cohdb
Replays
Latest Replays
All Replays
Popular Replays
Top Player Replays
Match Explorer
How It Works
Community
CoH3 Stats
Reddit
Sign in to upload your games and track your stats! →
Sign in with Steam
Match 27693112
Unlisted
Match 27693112
Overview
Messages
Build Orders
End
Panzergrenadier Squad
Panzergrenadier Squad
Panzergrenadier Squad
Construct Light Support Kompanie
Fire Support Elements
Veteran Squad Leaders
Flakvierling Half-track
Tungsten Core Ammunition
Selects Armored Support Battlegroup
Selects Veteran Gunners
Vehicle Survival Package
Construct Panzerarmee Kommand
Emergency Repair Kits
Rapid Advance
Panzer III L Medium Tank
Selects Salvage Kits
Selects Panzer Storm
Panzer III L Medium Tank
Panzer III L Medium Tank
^3
DIV 250 BigBoss
bobidog101
money1996
0
0
Comments
sign in to comment!
No comments posted yet!